 Dungeon Crawl Stone Soup version 0.31.0 (webtiles) character file.

Game seed: 2245945095484582182

1008 Sweeb the Magician (level 8, -6/46 HPs)
             Began as an Octopode Conjurer on Jan 20, 2024.
             Was a Follower of Sif Muna.
             Shot with a sling bullet by Joseph (17 damage)
             ... on level 7 of the Dungeon.
             The game lasted 00:16:35 (5765 turns).

Sweeb the Magician (Octopode Conjurer)              Turns: 5765, Time: 00:16:36

Health: -6/46      AC:  1    Str:  6    XL:     8   Next: 20%
Magic:  17/17      EV: 14    Int: 23    God:    Sif Muna [*.....]
Gold:   337        SH:  0    Dex: 10    Spells: 13/19 levels left

rFire   . . .        (no weapon)
rCold   . . .        (no shield)
rNeg    . . .        (helmet restricted)
rPois   .            (no amulet)
rElec   .            j - ring of resist corrosion
rCorr   +            (no ring)
SInv    .            (no ring)
Will    .....        (no ring)
Stlth   +++          (no ring)
HPRegen 0.27/turn    (no ring)
MPRegen 0.15/turn    (no ring)
                     (no ring)

%: no passive effects
@: lethally poisoned (-6 -> -14), on berserk cooldown, slowed, very slow
A: almost no armour, amphibious, 8 rings, camouflage 1, gelatinous body 1,
(nimble swimmer 1), tentacles
a: Renounce Religion, Channel Magic


You were on level 7 of the Dungeon.
You worshipped Sif Muna.
Sif Muna was aware of your devotion.
You visited 2 branches of the dungeon, and saw 9 of its levels.

You collected 337 gold pieces.

Inventory:

Jewellery
 g - a ring of poison resistance
 j - a ring of resist corrosion (left tentacle)
Wands
 h - a wand of flame (26)
Scrolls
 d - a scroll of brand weapon
 o - a scroll of vulnerability
Potions
 a - a potion of magic
 b - 4 potions of curing
 c - 2 potions of ambrosia
 e - a potion of berserk rage
 f - a potion of enlightenment {unknown}
 i - a potion of mutation {unknown}
 n - a potion of lignification {unknown}


   Skills:
 + Level 4.7 Dodging
 - Level 2.6 Stealth
 * Level 6.0 Spellcasting
 + Level 5.9 Conjurations
 + Level 2.7 Invocations


You had 13 spell levels left.
You knew the following spells:

 Your Spells              Type           Power      Damage    Failure   Level
a - Magic Dart            Conj           100%       1d8       1%          1
b - Searing Ray           Conj           68%        2d6       1%          2
c - Dazzling Flash        Conj/Hex       40%        N/A       8%          3

Your spell library contained the following spells:

 Spells                   Type           Power      Damage    Failure   Level
 Momentum Strike          Conj/Tloc      40%        3d9       3%          2
 Hailstorm                Conj/Ice       20%        3d7       8%          3
 Mephitic Cloud           Conj/Alch/Air  16%        N/A       11%         3
 Blink                    Tloc           12%        N/A       13%         2
 Lesser Beckoning         Tloc           12%        N/A       13%         2
 Call Canine Familiar     Summ           6%         N/A       26%         3
 Sigil of Binding         Hex            6%         N/A       26%         3
 Summon Ice Beast         Ice/Summ       6%         N/A       26%         3
 Fulminant Prism          Conj/Alch      10%        3d8       26%         4
 Iskenderun's Mystic Bla  Conj/Tloc      20%        2d6       26%         4
 Dimensional Bullseye     Hex/Tloc       3%         N/A       63%         4
 Ignite Poison            Fire/Alch      6%         N/A       63%         4
 Sticky Flame             Fire/Alch      6%         2d4       63%         4
 Curse of Agony           Necr           6%         N/A       93%         5
 Silence                  Hex/Air        3%         N/A       93%         5
 Sculpt Simulacrum        Ice/Alch       3%         N/A       100%        6
 Ignition                 Fire           3%         3d4       100%        8


Dungeon Overview and Level Annotations

Branches:
Dungeon (8/15)             Temple (1/1) D:4
   Lair: D:8-11

Altars:
Ashenzari
Cheibriados
Dithmenos
Elyvilon
Fedhas
Gozag
Kikubaaqudgha
Makhleb
Nemelex Xobeh
Okawaru
Qazlal
Sif Muna
Trog
Uskayaw
Vehumet
Wu Jian
Xom
Yredelemnul
Zin
The Shining One

Annotations:
D:7 Jeremiah, Joseph


Innate Abilities, Weirdness & Mutations

You cannot wear most types of armour.
You are amphibious.
You can wear up to eight rings at the same time.
Your skin changes colour to match your surroundings (Stealth+).
Your rubbery body absorbs attacks. (AC +1, EV +1)
((You are camouflaged when in or above water. (Stealth+)))
You have tentacles for arms and can constrict up to eight enemies at once.


Message History

You are exhausted.
You feel yourself slow down.
The kobold brigand throws a poisoned dart.
The poisoned dart misses you.
The kobold brigand throws a poisoned dart.
The poisoned dart hits you!
You are poisoned.
Joseph shoots a sling bullet.
The sling bullet hits you!
You feel very sick.
There is an open door here.
You feel very sick.
Joseph shoots a sling bullet.
The sling bullet barely misses you.
You close the door.
You feel sick.
Okay, then.
You feel better.
A kobold brigand opens the door.
Okay, then.
The kobold brigand throws a poisoned dart.
The poisoned dart hits you.
You are poisoned.
You feel sick.
The kobold brigand throws a poisoned dart.
The poisoned dart hits you!
You are more poisoned.
The kobold brigand throws a poisoned dart.
The poisoned dart closely misses you.
You feel very sick.
You feel very sick.
Joseph says, "You will never get the ORB, sorry."
The kobold brigand throws a poisoned dart.
The poisoned dart barely misses you.
You feel sick.
Joseph shoots a sling bullet.
The sling bullet misses you.
The kobold brigand throws a poisoned dart.
The poisoned dart hits you!
You are more poisoned.
There is a stone staircase leading down here.
* * * LOW HITPOINT WARNING * * *
You feel very sick.
Joseph shoots a sling bullet.
The sling bullet hits you!
You die...

#.# #####.#.#
#.^...#.# #.#####.#
######.#####.######
#..........#......###
#.###.###...........
#..........#..###.###.
#..##@...#.#..#.....$.
#.....##...#......<...
#<##..#######.........
####..# ##........
#..# #.#..∩...
#.K########.#.$....
#@..........# ./...
##.########## ..F..
####'####### ....


You could see Joseph and a kobold brigand.

Vanquished Creatures
  A wyvern (D:7)
  A water moccasin (D:4)
  2 kobold brigands (D:4)
  A bullfrog (D:8)
  2 wights (D:7)
  A bombardier beetle (D:3)
  3 orc priests
  A jelly (D:5)
  A hound (D:5)
  2 iguanas (D:5)
  An orc wizard (D:3)
  4 gnolls (D:5)
  4 adders
  A shadow imp (D:7)
  A ribbon worm (D:3)
  A dart slug (D:3)
  19 orcs
  11 ball pythons
  10 endoplasms
  4 giant cockroaches
  5 goblins
  11 hobgoblins
  4 jackals (D:2)
  11 kobolds
  4 quokkas
  6 bats
  2 frilled lizards (D:1)
  A rat (D:3)
115 creatures vanquished.

Notes
Turn   | Place    | Note
-------+----------+-------------------------------------------
     0 | D:1      | Sweeb the Octopode Conjurer began the quest for the Orb.
     0 | D:1      | Reached XP level 1. HP: 11/11 MP: 3/3
   208 | D:1      | Reached XP level 2. HP: 17/17 MP: 1/5
   793 | D:1      | Learned a level 2 spell: Searing Ray
   906 | D:2      | Reached XP level 3. HP: 21/21 MP: 0/7
  1407 | D:2      | Found a glowing golden altar of the Shining One.
  1510 | D:2      | Reached skill level 3 in Spellcasting
  2049 | D:3      | Found a faded altar of an unknown god.
  2201 | D:3      | Reached XP level 4. HP: 27/27 MP: 3/8
  2584 | D:3      | Reached XP level 5. HP: 26/31 MP: 2/10
  2822 | D:3      | Found a snail-covered altar of Cheibriados.
  3508 | D:4      | Found a white marble altar of Elyvilon.
  3526 | D:4      | Reached skill level 4 in Spellcasting
  3700 | D:4      | Found a staircase to the Ecumenical Temple.
  3712 | Temple   | Entered the Ecumenical Temple
  3837 | Temple   | Became a worshipper of Sif Muna the Loreminder
  3887 | D:4      | Noticed a water moccasin
  3912 | D:4      | Killed a water moccasin
  3913 | D:4      | Reached skill level 5 in Conjurations
  3913 | D:4      | Reached XP level 6. HP: 22/36 MP: 2/12
  4041 | D:4      | Learned a level 3 spell: Dazzling Flash
  4297 | D:4      | Reached * piety under Sif Muna
  4444 | D:4      | Found a shadowy altar of Dithmenos.
  4631 | D:4      | Reached skill level 5 in Spellcasting
  4631 | D:4      | Reached XP level 7. HP: 23/41 MP: 5/14
  4902 | D:5      | Entered Level 5 of the Dungeon
  4937 | D:5      | Reached skill level 1 in Invocations
  5301 | D:5      | You fall into a shaft and drop 3 floors!
  5464 | D:6      | Found a blossoming altar of Fedhas.
  5464 | D:6      | Found an iron altar of Okawaru.
  5464 | D:6      | Found a glowing silver altar of Zin.
  5507 | D:7      | Noticed Jeremiah
  5566 | D:7      | Reached XP level 8. HP: 22/46 MP: 8/16
  5622 | D:7      | Noticed a wyvern
  5664 | D:7      | Killed a wyvern
  5665 | D:7      | Reached skill level 6 in Spellcasting
  5739 | D:7      | Noticed Joseph
  5765 | D:7      | Shot with a sling bullet by Joseph

Illustrated notes

Levels and vault maps discovered:
D:1:      nzn_arrival_depleted_hourglass, layout_rooms
D:2:      layout_loops_cross, basic_altar
D:3:      layout_basic, slow_altar_2, hellmonk_ecumenical_altar_lost_god
D:4:      cheibrodos_thug_alley, layout_basic, elyvilon_altar_5,
          grunt_dithmenos_smoke, minmay_temple_entry_statues_pillars
D:5:      layout_loops_ring, nicolae_hepliaklqana_hazy_memory
D:6:      layout_loops_cross, nicolae_ru_great_annihilating_truth,
          grunt_temple_overflow_open, kennysheep_generic_room_13, uniq_duvessa,
          uniq_pikel
D:7:      hangedman_cross_stitches, layout_basic, abandoned_shop, uniq_menkaure,
          uniq_jeremiah, uniq_joseph
D:8:      layout_basic, grunt_lair_entry_orc_guard_hut, uniq_erica
Temple:   nicolae_temple_superstar

Skill      XL: |  1  2  3  4  5  6  7  8 |
---------------+-------------------------+-----
Spellcasting   | 3 4 5 6 |  6.0
Dodging        | 3 4 |  4.7
Conjurations   | 5 |  5.9
Invocations    | 2 |  2.7
Stealth        | |  2.6

Action                     |  1- 3 |  4- 6 |  7- 9 || total
---------------------------+-------+-------+-------++-------
  Melee: Unarmed           |    11 |     4 |     2 ||    17
         Tentacles         |     5 |     1 |     1 ||     7
         Constrict         |     3 |     2 |     2 ||     7
         Punch             |       |     1 |       ||     1
   Cast: Magic Dart        |    68 |    70 |    14 ||   152
         Searing Ray       |     2 |    15 |    13 ||    30
         Dazzling Flash    |       |       |     2 ||     2
    Use: Scroll            |     6 |     2 |     4 ||    12
         Potion            |       |       |     3 ||     3
 Armour: Skin              |    10 |     7 |    15 ||    32
  Dodge: Dodged            |     8 |    24 |    32 ||    64
